 Dungeon Crawl Stone Soup version 0.31-a0-152-g6aa68a64a1 (webtiles) character file.

Game seed: 17384252767000838055

1801 Gargoyl the Cleaver (level 9, -2/55 HPs)
             Began as a Gargoyle Berserker on June 11, 2023.
             Was an Elder of Trog.
             Slain by Menkaure (13 damage)
             ... on level 7 of the Dungeon.
             The game lasted 00:06:25 (4897 turns).

Gargoyl the Cleaver (Gargoyle Berserker)            Turns: 4897, Time: 00:06:25

Health: -2/55      AC: 17    Str: 22    XL:     9   Next: 9%
Magic:  9/9        EV:  9    Int:  7    God:    Trog [****..]
Gold:   307        SH:  4    Dex: 13    Spells: 8/8 levels left

rFire   . . .        a - +1 hand axe
rCold   . . .        k - +0 buckler
rNeg    + . .        c - +0 chain mail
rPois   ∞            (helmet restricted)
rElec   +            (no cloak)
rCorr   .            m - +0 pair of gloves
SInv    .            (no boots)
Will    ++...        (no amulet) Stlth
                     (no ring)
HPRegen 1.29/turn    (no ring)
MPRegen 0.11/turn

%: clarity
@: about to teleport, strong-willed, on berserk cooldown, regenerating, slowed,
very slow
A: sickness immunity, AC +6, negative energy resistance 1, electricity
resistance, torment resistance 1, petrification resistance, horns 1, clarity
a: Renounce Religion, Berserk, Trog's Hand, Brothers in Arms


You were on level 7 of the Dungeon.
You worshipped Trog.
Trog was greatly pleased with you.
You visited 1 branch of the dungeon, and saw 8 of its levels.
You also visited: Sewer.

You collected 307 gold pieces.

Inventory:

Hand Weapons
 a - a +1 hand axe (weapon)
 d - a +0 war axe
 o - the +1 flail "Kotih" {protect, rF+ Str+2}
   (You found it on level 3 of the Dungeon)

   Str:       It affects your strength (+2).
   rF:        It protects you from fire.
Missiles
 i - 20 poisoned darts
 t - 6 curare-tipped darts (quivered)
Armour
 c - a +0 chain mail (worn)
 k - a +0 buckler (worn)
 m - a +0 pair of gloves (worn)
Jewellery
 u - a ring of willpower
Wands
 n - a wand of flame (15)
 v - a wand of polymorph (6)
Scrolls
 h - 2 scrolls of fear
 l - a scroll of identify
 q - a scroll of teleportation
 w - a scroll of enchant weapon
Potions
 b - a potion of berserk rage
 e - a potion of heal wounds
 f - a potion of resistance {unknown}
 g - a potion of curing {unknown}
 j - 6 potions of haste {unknown}
 p - 5 potions of cancellation {unknown}
 s - 2 potions of might {unknown}


   Skills:
 + Level 6.1 Fighting
 + Level 8.3(8.4) Axes
 + Level 1.6(5.9) Maces & Flails
 + Level 5.0 Armour
 + Level 2.3 Dodging
 + Level 0.7 Stealth
 + Level 2.7 Shields


You had 8 spell levels left.
You didn't know any spells.
Your spell library was empty.

Dungeon Overview and Level Annotations

Branches:
Dungeon (8/15)              Sewer (visited)
 Temple: D:4-7         Lair: D:8-11

Altars:
Kikubaaqudgha

Annotations:
D:7 Menkaure


Innate Abilities, Weirdness & Mutations

You are immune to sickness and miasma.
Your stone body is resilient. (AC +6)
You are immune to poison.
You resist negative energy. (rN+)
You are resistant to electric shocks. (rElec)
You are resistant to unholy torment.
You are immune to petrification.
You have a pair of small horns on your head.
You possess an exceptional clarity of mind.


Message History

The gnoll sergeant hits you from afar with a +0 spear!
An orc comes into view. It is wielding a +0 dagger.
You block the gnoll's attack.
The orc hits you from afar with a +0 trident.
It was a potion of mutation.
You feel extremely strange.
Your thoughts seem clearer.
A pair of horns grows on your head!
The orc shouts!
You block Menkaure's attack. The orc hits you but does no damage.
The gnoll closely misses you. The gnoll hits you but does no damage.
The gnoll sergeant hits you from afar with a +0 spear.
The orc hits you but does no damage. Menkaure hits you but does no damage.
You hit Menkaure but do no damage. Your headbutt misses Menkaure.
Menkaure is moderately damaged.
You closely miss the orc. Menkaure hits you. You block the orc's attack.
The gnoll completely misses you. The gnoll closely misses you.
You block the orc's attack.
The gnoll sergeant hits you but does no damage.
Menkaure casts a spell at you. You resist with almost no effort.
The gnoll barely misses you.
The gnoll sergeant hits you from afar with a +0 spear.
* * * LOW HITPOINT WARNING * * *
The gnoll hits you but does no damage. The orc hits you with a +3 dagger.
* * * LOW HITPOINT WARNING * * *
The orc hits you but does no damage.
As you read the scroll of fear, it crumbles to dust.
You assume a fearsome visage.
Menkaure is unaffected.
The orc looks frightened!
The orc warrior looks frightened!
The orc looks frightened! x3
The gnoll sergeant looks frightened!
The gnoll looks frightened! x2
Menkaure hits you but does no damage.
The gnoll tries to recover its lost courage.
An orc comes into view. It is wielding a +0 flail.
As you read the scroll of teleportation, it crumbles to dust.
You feel strangely unstable.
The orc shouts!
Menkaure gestures at you while chanting.
You resist with almost no effort. Menkaure hits you.
* * * LOW HITPOINT WARNING * * *
Unknown command.
Menkaure attacks as you move away! Menkaure hits you!
You die...

##. o.########
##..
.....#...##...#
.ooo.........##
..............##
...o........g..##
................#
...[...).>......#
..o...M@....g...#
.....#.........##
... #.........# #
....[...g.##
##.........#
###......##
##.....# #.....#


You could see an orc warrior (fleeing), a gnoll sergeant (fleeing), Menkaure
(fast), 2 gnolls and 5 orcs.

Vanquished Creatures
  Grinder (D:3)
  Sigmund (D:3)
  A water moccasin (D:5)
  A hornet zombie (D:6)
  A black bear (D:5)
  3 phantoms
  3 kobold brigands (Sewer)
  A scorpion (D:4)
  2 howler monkeys
  A centaur zombie (D:6)
  2 hounds
  3 orc priests (D:4)
  A bullfrog skeleton (D:6)
  2 jellies (D:3)
  A sleepcap (D:5)
  An iguana (D:5)
  An orc wizard (D:4)
  10 adders
  A gnoll (D:7)
  A white imp (D:4)
  An ufetubus (D:4)
  4 worms
  3 dart slugs (D:2)
  9 orcs
  21 endoplasms
  3 giant cockroaches
  10 hobgoblins
  4 jackals (D:5)
  25 kobolds
  2 quokkas
  11 ball pythons
  6 bats
  2 frilled lizards (D:2)
  9 goblins
  6 rats
154 creatures vanquished.

Notes
Turn   | Place    | Note
-------+----------+-------------------------------------------
     0 | D:1      | Gargoyl the Gargoyle Berserker began the quest for the Orb.
     0 | D:1      | Reached XP level 1. HP: 14/14 MP: 1/1
   161 | D:1      | Reached XP level 2. HP: 19/19 MP: 2/2
   402 | D:1      | Reached skill level 3 in Axes
   582 | D:1      | Reached XP level 3. HP: 24/24 MP: 3/3
   722 | D:1      | Reached ** piety under Trog
  1161 | D:2      | Reached XP level 4. HP: 29/29 MP: 4/4
  1555 | D:2      | Found a faded altar of an unknown god.
  1794 | D:3      | Reached skill level 4 in Axes
  1910 | D:3      | Reached XP level 5. HP: 31/33 MP: 5/5
  1952 | D:3      | Reached *** piety under Trog
  1963 | D:3      | Identified the +1 flail "Kotih" {protect, rF+ Str+2}
  2010 | D:3      | Noticed Grinder
  2021 | D:3      | Killed Grinder
  2022 | D:3      | Reached skill level 5 in Axes
  2022 | D:3      | Reached XP level 6. HP: 39/39 MP: 6/6
  2069 | D:3      | Noticed Sigmund
  2078 | D:3      | Killed Sigmund
  2079 | D:3      | Reached skill level 6 in Axes
  2079 | D:3      | Reached XP level 7. HP: 44/44 MP: 7/7
  2109 | D:3      | Found a glowing drain.
  2123 | Sewer    | Entered a sewer
  2178 | Sewer    | Reached skill level 1 in Shields
  2181 | Sewer    | Reached skill level 1 in Maces & Flails
  2335 | Sewer    | Reached skill level 5 in Fighting
  2914 | D:4      | Reached XP level 8. HP: 28/49 MP: 8/8
  3341 | D:4      | Reached skill level 7 in Axes
  3470 | D:4      | Found an ancient bone altar of Kikubaaqudgha.
  3932 | D:5      | Entered Level 5 of the Dungeon
  3946 | D:5      | Reached **** piety under Trog
  4187 | D:5      | Reached skill level 8 in Axes
  4706 | D:6      | Reached XP level 9. HP: 42/55 MP: 9/9
  4711 | D:6      | Reached skill level 5 in Armour
  4880 | D:6      | You fall into a shaft and drop 2 floors!
  4885 | D:7      | Noticed Menkaure
  4893 | D:7      | Gained mutation: You possess an exceptional clarity of
                  | mind. [potion of mutation]
  4893 | D:7      | Gained mutation: You have a pair of small horns on your
                  | head. [potion of mutation]
  4897 | D:7      | Slain by Menkaure

Illustrated notes

Levels and vault maps discovered:
D:1:      psy_arrival_terrarium, layout_basic
D:2:      layout_basic, chequers_ecumenical_altar_island
D:3:      cheibrodos_fertilizer, layout_rooms, cheibrodos_sewer_entry_bend,
          uniq_sigmund, uniq_grinder
D:4:      layout_layer_cave, nicolae_kikubaaqudgha_miasma_corner
D:5:      layout_cave_pools
D:6:      layout_gridville, serial_undead, serial_undead_d, serial_undead_d,
          serial_undead_c, serial_undead_c
D:7:      layout_cave_pods, minmay_temple_entry_offerings,
          minmay_misc_feat_nine_boxes, uniq_duvessa, uniq_menkaure
D:8:      layout_rooms, serial_shops, shop, chequers_decorated_corner,
          moated_statue, uniq_pikel, uniq_gastronok

Skill      XL: |  1  2  3  4  5  6  7  8  9 |
---------------+----------------------------+-----
Axes           | 3 4 5 6 8 |  8.3
Fighting       | 4 5 6 |  6.1
Armour         | 3 4 5 |  5.0
Shields        | 1 2 |  2.7
Maces & Flails | 1 |  1.6
Dodging        | 2 |  2.3
Stealth        | |  0.7

Action                     |  1- 3 |  4- 6 |  7- 9 || total
---------------------------+-------+-------+-------++-------
  Melee: Hand axe          |    13 |       |   303 ||   316
         War axe           |    97 |    73 |       ||   170
         Flail             |       |    12 |    19 ||    31
 Invoke: Berserk           |       |     3 |     5 ||     8
         Trog's Hand       |       |     2 |     1 ||     3
    Use: Scroll            |     2 |       |     8 ||    10
         Potion            |       |       |     3 ||     3
 Armour: Chain mail        |    88 |    75 |   268 ||   431
         Animal skin       |     1 |       |       ||     1
  Dodge: Dodged            |    56 |    42 |   155 ||   253
  Block: Buckler           |       |     9 |    58 ||    67

Table legend: (Time is in decaauts)
 A = Elapsed time spent in this place.
 B = Non-inter-level travel time spent in this place.
 C = Inter-level travel time spent in this place.
 D = Time resting spent in this place.
 E = Time spent auto-exploring this place.
 F = Levels seen in this place.
 G = Mean time per level.
                   A        B        C        D        E       F      G
               +--------+--------+--------+--------+--------+-----+--------+
         Total |   5051 |   4887 |    164 |      0 |   3481 |   9 |  561.2 |
       Dungeon |   4645 |   4481 |    164 |      0 |   3286 |   8 |  580.6 |
         Sewer |    405 |    405 |      0 |      0 |    195 |   1 |  405.0 |
               +--------+--------+--------+--------+--------+-----+--------+

Top non-repeatable levels by time:
     D:4: 1093 daAuts
     D:1: 1003 daAuts
     D:2: 821 daAuts
     D:5: 766 daAuts
     D:3: 743 daAuts
   Sewer: 405 daAuts
     D:6: 196 daAuts
     D:7: 17 daAuts
     D:8: 3 daAuts
